 Dungeon Crawl Stone Soup version 0.21-a0-509-gecc5317 (webtiles) character file.

3019 slep the Carver (level 9, -5/71 HPs)
             Began as a Demonspawn Fighter on Nov 30, 2017.
             Was an Initiate of Okawaru.
             Slain by Prince Ribbit (9 damage)
             ... on level 7 of the Dungeon.
             The game lasted 00:31:57 (6000 turns).

slep the Carver (Demonspawn Fighter)                Turns: 6000, Time: 00:31:58

Health: -5/71      AC: 12    Str: 18    XL:     9   Next: 55%
Magic:  9/9        EV:  9    Int: 11    God:    Okawaru [......]
Gold:   330        SH: 10    Dex: 13    Spells: 8/8 levels left

rFire    . . .     SeeInvis .   a - +0 long sword
rCold    + . .     Gourm    .   c - +0 shield
rNeg     . . .     Faith    .   b - +0 scale mail
rPois    .         Spirit   .   g - +2 helmet
rElec    .         Reflect  .   (no cloak)
rCorr    .         Harm     +   z - +0 pair of gloves
MR       .....                  (no boots)
Stlth    ..........             P - amulet of harm
HPRegen  0.21/turn              (no ring)
MPRegen  0.11/turn              (no ring)

@: very slightly contaminated, invisible
A: hooves 2, rugged brown scales 1, cold resistance 1
a: Renounce Religion


You were on level 7 of the Dungeon.
You worshipped Okawaru.
Okawaru was noncommittal.
You were hungry.

You visited 2 branches of the dungeon, and saw 8 of its levels.
You also visited: Ossuary.

You collected 330 gold pieces.

Inventory:

Hand Weapons
 a - a +0 long sword (weapon)
 r - a +1 dagger of electrocution
 s - a +1 dagger of venom
 N - a +2 dagger of electrocution
 O - a +0 dagger of electrocution
Missiles
 p - 2 throwing nets (quivered)
 x - 7 poisoned needles
Armour
 b - a +0 scale mail (worn)
 c - a +0 shield (worn)
 g - a +2 helmet (worn)
 i - a +0 pair of boots
 z - a +0 pair of gloves (worn)
Jewellery
 P - an amulet of harm (around neck)
Wands
 q - a wand of iceblast (9)
 A - a wand of random effects (27)
Scrolls
 k - 9 scrolls of identify {unknown}
 l - 4 scrolls of remove curse {unknown}
 o - a scroll of fog {unknown}
 t - a scroll of magic mapping {unknown}
 v - 2 scrolls of blinking {unknown}
 w - a scroll of enchant armour {unknown}
 y - 6 scrolls of teleportation {unknown}
 C - a scroll of vulnerability {unknown}
 E - 2 scrolls of random uselessness {unknown}
 F - a scroll of enchant weapon {unknown}
 L - 2 scrolls of amnesia {unknown}
Potions
 d - 2 potions of resistance {unknown}
 e - 8 potions of curing
 m - a potion of ambrosia {unknown}
 n - a potion of invisibility
 u - 3 potions of flight {unknown}
 B - a potion of heal wounds {unknown}
 D - 2 potions of agility {unknown}
 G - 2 potions of haste {unknown}
 H - a potion of magic {unknown}
 I - a potion of brilliance {unknown}
 M - a potion of lignification {unknown}
Books
 J - a book of Conjurations

   Spells                             Type                      Level
   a - Magic Dart                     Conjuration                  1
   b - Searing Ray                    Conjuration                  2
   c - Dazzling Spray                 Conjuration/Hexes            3
   d - Fulminant Prism                Conjuration/Hexes            4
   e - Force Lance                    Conjuration/Translocation    4
   f - Iskenderun's Mystic Blast      Conjuration                  4
Comestibles
 f - 4 bread rations
 h - 4 meat rations
 j - 4 royal jellies
 K - a fruit


   Skills:
 + Level 5.9 Fighting
 + Level 8.4 Long Blades
 + Level 4.9 Armour
 + Level 3.3 Dodging
 + Level 0.3 Stealth
 + Level 6.1 Shields
 + Level 0.1 Evocations


You had 8 spell levels left.
You didn't know any spells.

Dungeon Overview and Level Annotations

Branches:
Dungeon (7/15)             Temple (1/1) D:6

Altars:
Cheibriados
Dithmenos
Elyvilon
Fedhas
Kikubaaqudgha
Makhleb
Okawaru
Trog
Uskayaw
Vehumet
Wu Jian
Yredelemnul

Annotations:
D:7 Prince Ribbit


Innate Abilities, Weirdness & Mutations

You have hoof-like feet.
You are partially covered in rugged brown scales. (AC +1, +3% HP)
Your flesh is cold resistant. (rC+)


Message History

Prince Ribbit misses you.
You feel better. You block Prince Ribbit's attack.
The ice beast hits you but does no damage.
It was a potion of invisibility.
You fade into invisibility!
Prince Ribbit hits you.
* * * LOW HITPOINT WARNING * * *
The ice beast barely misses you.
You are very lightly contaminated with residual magic.
You block Prince Ribbit's attack. You block Prince Ribbit's attack.
Evoke which item? (* to show all) (? for menu, Esc to quit)
Aiming: Random Effects
Press: ? - help, Shift-Dir - straight line, f - Prince Ribbit
Aim: Prince Ribbit (lightly wounded) Prince Ribbit seems to speed up.
Prince Ribbit hits you.
* * * LOW HITPOINT WARNING * * *
You block Prince Ribbit's attack. Prince Ribbit hits you!
You die...

...<## ## ###.#..####
# .### #........?#.#
...#######.....!...#.#
##......##...........#
######..#.........#
##.#.....Y...#
#.......F...# #
##.[.....@..# ###
#..........# ..#
#.....#...## #.#
####$.....# #.#
#..#...# #.###
##.##... #)..##
#.####.# .....## .#
[.....#


You could see Prince Ribbit and an ice beast.

Vanquished Creatures
  An orc warrior (D:7)
  4 ice beasts
  2 ogres (D:4)
  A centaur (D:5)
  4 phantoms
  2 big kobolds (D:4)
  4 bullfrogs
  2 elf skeletons (D:5)
  7 scorpions
  A human zombie (Ossuary)
  2 crimson imps
  A hound (D:4)
  2 centaur zombies (Ossuary)
  2 jellies
  5 orc wizards
  A centaur skeleton (D:4)
  An orc priest (D:7)
  A bullfrog skeleton (D:6)
  An iguana (D:5)
  3 human skeletons (D:5)
  2 worker ants
  2 killer bee zombies
  5 big kobold zombies (Ossuary)
  3 mummies (Ossuary)
  A howler monkey zombie (D:6)
  A worker ant zombie (D:5)
  3 gnolls (D:7)
  7 scorpion zombies (Ossuary)
  7 adders
  2 shadow imps
  An ooze (D:5)
  2 adder skeletons
  2 adder zombies
  2 worms
  8 leopard geckos
  15 orcs
  3 ball pythons
  10 bats
  7 giant cockroaches
  4 goblins
  4 hobgoblins
  9 jackals
  2 quokkas (D:6)
  4 frilled lizards
  2 goblin zombies (Ossuary)
  2 hobgoblin zombies (Ossuary)
  16 kobolds
  3 orc zombies
  4 rats
  A plant (D:4)
181 creatures vanquished.

Vanquished Creatures (others)
  A human (D:6)
  An orc zombie (Ossuary)
2 creatures vanquished.

Grand Total: 183 creatures vanquished

Notes
Turn   | Place    | Note
-------+----------+-------------------------------------------
     0 | D:1      | slep the Demonspawn Fighter began the quest for the Orb.
     0 | D:1      | Reached XP level 1. HP: 18/18 MP: 1/1
   225 | D:1      | You fall through a shaft!
   246 | D:2      | Gained mutation: You have large cloven feet. [demonic ancestry]
   246 | D:2      | Reached XP level 2. HP: 12/24 MP: 2/2
   324 | D:2      | Reached skill level 2 in Long Blades
   400 | D:2      | HP: 1/24 [goblin (3)]
   402 | D:2      | Reached XP level 3. HP: 9/29 MP: 3/3
   887 | D:2      | Found a basalt altar of Yredelemnul.
  1533 | D:3      | Reached XP level 4. HP: 16/35 MP: 4/4
  1662 | D:3      | Reached skill level 3 in Long Blades
  1909 | D:3      | Gained mutation: Your flesh is cold resistant. (rC+) [demonic ancestry]
  1909 | D:3      | Reached XP level 5. HP: 17/41 MP: 5/5
  2079 | D:4      | Found a blossoming altar of Fedhas.
  2079 | D:4      | Noticed an ogre
  2097 | D:4      | HP: 2/41 [ogre/giant club (4)]
  2115 | D:4      | Killed an ogre
  2364 | D:4      | Reached skill level 1 in Dodging
  2364 | D:4      | Gained mutation: You have hoof-like feet. [demonic ancestry]
  2364 | D:4      | Reached XP level 6. HP: 34/47 MP: 6/6
  2603 | D:4      | Reached skill level 4 in Long Blades
  2806 | D:4      | Reached XP level 7. HP: 24/53 MP: 7/7
  2892 | D:5      | Entered Level 5 of the Dungeon
  3075 | D:5      | Reached skill level 5 in Long Blades
  3234 | D:5      | Reached XP level 8. HP: 47/61 MP: 8/8
  3282 | D:5      | Found a sand-covered staircase.
  3292 | D:5      | Reached skill level 6 in Long Blades
  3296 | Ossuary  | Entered an ossuary
  3516 | Ossuary  | Reached skill level 5 in Shields
  3588 | Ossuary  | Reached skill level 5 in Fighting
  3888 | Ossuary  | Reached skill level 7 in Long Blades
  4584 | D:6      | Gained mutation: You are partially covered in rugged brown scales. (AC +1, +3% HP) [demonic ancestry]
  4584 | D:6      | Reached XP level 9. HP: 54/70 MP: 9/9
  4619 | D:6      | Found a white marble altar of Elyvilon.
  4813 | D:6      | Found an ancient bone altar of Kikubaaqudgha.
  4983 | D:6      | Found a staircase to the Ecumenical Temple.
  4990 | Temple   | Entered the Ecumenical Temple
  5021 | Temple   | Became a worshipper of Warmaster Okawaru
  5220 | D:7      | Found an ornate altar of the Wu Jian Council.
  5256 | D:7      | Reached skill level 8 in Long Blades
  5763 | D:7      | Noticed Prince Ribbit
  5993 | D:7      | HP: 2/71 [Prince Ribbit (6)]
  6000 | D:7      | Slain by Prince Ribbit

Vault maps used:
D:1:      dpeg_arrival_chambers_temple_mockup
D:2:      lemuel_crystal_altar
D:3:      grunt_ministairs_11
D:4:      cheibrodos_thug_alley, fedhas_altar_1, first_bread
D:5:      nicolae_ossuary_entry_catacombs, serial_park_tiny_pond
D:6:      elyvilon_altar_4, minmay_temple_entry_mist, minmay_misc_feat_rows,
          tgw_kikubaaqudgha
D:7:      kennysheep_mini_moat, uniq_prince_ribbit1
Temple:   minmay_crystal_spiral_temple
Ossuary:  ossuary_minmay_scorpions

Skill      XL: |  1  2  3  4  5  6  7  8  9 |
---------------+----------------------------+-----
Shields        | 3 4 5 6 |  6.1
Long Blades    | 2 3 4 5 7 8 |  8.4
Armour         | 3 4 |  4.9
Dodging        | 1 2 3 |  3.3
Fighting       | 4 5 |  5.9
Stealth        | |  0.3
Evocations     | |  0.1

Action                   |  1- 3 |  4- 6 |  7- 9 || total
-------------------------+-------+-------+-------++-------
Melee: Long sword        |   121 |   238 |   551 ||   910
       Kick              |     3 |       |   210 ||   213
       Dagger            |       |    21 |       ||    21
Throw: Throwing net      |       |     1 |       ||     1
Evoke: Wand              |       |       |    10 ||    10
  Use: Potion            |     2 |       |     2 ||     4
  Eat: Chunk             |     2 |     5 |     4 ||    11
       Fruit             |       |       |     3 ||     3
       Bread ration      |       |       |     1 ||     1
Armor: Scale mail        |    84 |   143 |   210 ||   437
Dodge: Dodged            |    49 |    80 |   141 ||   270
Block: Shield            |    69 |   134 |   232 ||   435
       Rpst.: Long sword |    17 |    22 |    51 ||    90

Table legend:
 A = Spawn XP
 B = Non-spawn XP
 C = Spawn XP percentage of total XP
 D = Spawn monster count
 E = Non-spawn monster count
 F = Spawn count percentage of total count
 G = Total turns spent on level
                    A         B        C        D         E        F      G
               +---------+---------+-------+---------+---------+-------+---------
         Total |       0 |    4314 |   0.0 |       0 |     180 |   0.0 |  6000
               +---------+---------+-------+---------+---------+-------+---------
           D:1 |       0 |      25 |   0.0 |       0 |      14 |   0.0 |   778
           D:2 |       0 |      49 |   0.0 |       0 |      16 |   0.0 |   739
           D:3 |       0 |     140 |   0.0 |       0 |      25 |   0.0 |   562
           D:4 |       0 |     704 |   0.0 |       0 |      28 |   0.0 |   930
           D:5 |       0 |     854 |   0.0 |       0 |      20 |   0.0 |   806
           D:6 |       0 |     862 |   0.0 |       0 |      25 |   0.0 |   659
           D:7 |       0 |     887 |   0.0 |       0 |      22 |   0.0 |   812
       Ossuary |       0 |     793 |   0.0 |       0 |      30 |   0.0 |   651
               +---------+---------+-------+---------+---------+-------+---------
